 Dungeon Crawl Stone Soup version 0.29-a0-233-g1125b37a9b (webtiles) character file.

Game seed: 1927007762480209241

4825 funkygono the Thaumaturge (level 10, -2/50 HPs)
             Began as a Deep Elf Fire Elementalist on Mar 1, 2022.
             Was a Believer of Vehumet.
             Shot with an arrow by a centaur (7 damage)
             ... on level 8 of the Dungeon.
             The game lasted 00:17:25 (9973 turns).

funkygono the Thaumaturge (DEFE)                    Turns: 9973, Time: 00:17:25

Health: -2/50      AC:  2    Str: 11    XL:     10   Next: 25%
Magic:  18/28      EV: 12    Int: 25    God:    Vehumet [**....]
Gold:   379        SH:  5    Dex: 15    Spells: 21/34 levels left

rFire   + . .      SeeInvis .   i - +1 short sword (protect)
rCold   . . .      Faith    .   n - +2 buckler
rNeg    . . .      Spirit   .   y - +1 robe {rF+}
rPois   .          Reflect  .   s - +2 hat
rElec   .          Harm     .   (no cloak)
rCorr   .          Rampage  .   (no gloves)
Will    +....                   v - +0 pair of boots
Stlth   ++........              (no amulet)
HPRegen 0.16/turn               l - +6 ring of strength
MPRegen 0.21/turn               (no ring)

@: corroded
A: no striking features
a: Renounce Religion


You were on level 8 of the Dungeon.
You worshipped Vehumet.
Vehumet was pleased with you.
You visited 2 branches of the dungeon, and saw 9 of its levels.
You also visited: Ossuary.

You collected 442 gold pieces.
You spent 63 gold pieces at shops.

Inventory:

Hand Weapons
 h - a +0 dagger
 i - a +1 short sword of protection (weapon)
 j - a +0 quarterstaff
Missiles
 d - 228 stones
Armour
 n - a +2 buckler (worn)
 r - a +0 leather armour of poison resistance
 s - a +2 hat (worn)
 v - a +0 pair of boots (worn)
 y - a +1 robe of fire resistance (worn)
 A - the +0 leather armour "Okoreufak" {Dex+5}
   (You took it off a kobold on level 6 of the Dungeon)

   Dex:       It affects your dexterity (+5).
Jewellery
 a - an amulet of faith
 l - a +6 ring of strength (left hand)
Wands
 E - a wand of flame (7)
Scrolls
 e - a scroll of fog
 g - 4 scrolls of teleportation
Potions
 f - a potion of magic
 k - 4 potions of flight
 m - a potion of cancellation
 o - a potion of berserk rage
 p - 4 potions of invisibility
 q - 2 potions of lignification
 t - a potion of resistance {unknown}
 u - a potion of degeneration {unknown}
 z - a potion of attraction {unknown}
 C - a potion of ambrosia {unknown}
 F - 3 potions of brilliance {unknown}


   Skills:
 + Level 0.2 Fighting
 + Level 3.4 Dodging
 - Level 2.4 Stealth
 + Level 0.2 Shields
 + Level 12.7 Spellcasting
 + Level 7.1 Conjurations
 + Level 10.8 Fire Magic
 * Level 0.8 Earth Magic


You had 21 spell levels left.
You knew the following spells:

 Your Spells              Type           Power      Damage    Failure   Level
a - Foxfire               Conj/Fire      100%       2x1d9     1%          1
b - Scorch                Fire           100%       2d10      1%          2
c - Conjure Flame         Conj/Fire      57%        6-21      1%          3
d - Flame Wave            Conj/Fire      57%        2d11      1%          4
e - Blink                 Tloc           30%        N/A       8%          2
f - Sandblast             Erth           40%        2d10      3%          1

Your spell library contained the following spells:

 Spells                   Type           Power      Damage    Failure   Level
 Poisonous Vapours        Pois/Air       30%        N/A       8%          2
 Inner Flame              Hex/Fire       43%        N/A       1%          3
 Corpse Rot               Necr/Air       30%        N/A       8%          2
 Ensorcelled Hibernation  Hex/Ice        30%        N/A       8%          2
 Gell's Gravitas          Tloc           15%        N/A       16%         3
 Lesser Beckoning         Tloc           15%        N/A       16%         3
 Spider Form              Tmut/Pois      15%        N/A       16%         3
 Teleport Other           Tloc           15%        N/A       16%         3
 Anguish                  Hex/Necr       7%         N/A       45%         4
 Dispel Undead            Necr           15%        3d10      45%         4
 Manifold Assault         Tloc           15%        N/A       80%         5
 Death Channel            Necr           7%         N/A       100%        6
 Storm Form               Tmut/Air       7%         N/A       100%        7


Dungeon Overview and Level Annotations

Branches:
Dungeon (8/15)             Temple (1/1) D:5         Ossuary (visited)
   Lair: D:8-11

Altars:
Ashenzari
Dithmenos
Elyvilon
Fedhas
Gozag
Hepliaklqana
Kikubaaqudgha
Makhleb
Nemelex Xobeh
Okawaru
Qazlal
Ru
Sif Muna
Trog
Uskayaw
Vehumet
Wu Jian
Xom
Yredelemnul
Zin
The Shining One

Shops:
D:8 [(?[

Annotations:
D:8 3 runed translucent doors, tognito's ghost, novice MiBe


Message History

You kill the acid dragon!
Vehumet accepts your kill.
The flame wave engulfs the howler monkey!
The howler monkey is heavily wounded.
The flame wave engulfs the kobold brigand!
The kobold brigand is almost dead.
The flame wave engulfs the orc.
The orc is moderately wounded.
The flame wave engulfs the wyvern!!
The wyvern is severely wounded.
The howler monkey hits you.
* * * LOW HITPOINT WARNING * * *
The howler monkey hoots and howls with incredible vigour!
The kobold brigand completely misses you.
You hear a shout!
A wave of flame ripples out!
The flame wave engulfs the wyvern.
The wyvern is almost dead.
The flame wave engulfs the howler monkey!
You kill the howler monkey!
Vehumet accepts your kill.
You feel your power returning.
The flame wave engulfs the kobold brigand!!
You kill the kobold brigand!
Vehumet accepts your kill.
You feel your power returning.
The orc dissolves into shadows!
The flame wave engulfs the centaur!
The centaur is moderately wounded.
You finish channelling waves of flame.
The wyvern bites you!
* * * LOW HITPOINT WARNING * * *
The centaur shoots an arrow.
The arrow barely misses you. The wyvern misses you.
The centaur shoots an arrow.
The arrow barely misses you.
Casting: Flame Wave (dangerous; 1% risk of failure)
Confirm with . or Enter, or press ? or * to list all spells.
Okay, then.
Okay, then.
You feel better. The wyvern bites you.
* * * LOW HITPOINT WARNING * * *
The centaur shoots an arrow.
The arrow hits you!
You die...

#......##. #
#######.##..#.# l ##
.........#.##. h# #
#. ########...#.# .
.##( #..##. .#D#..
#..#c###.### #.##.#
#..#....h.... #§#..#
#...#########.#§#.##
#..@l..........§..#
#...).........#####
#############


You could see a wyvern and a centaur.

Vanquished Creatures
  Prince Ribbit (D:7)
  Sigmund (D:4)
  A wyvern (D:4)
  2 steam dragons
  An acid dragon (D:8)
  2 water moccasins
  Edmund (D:6)
  2 ice beasts (D:6)
  4 sky beasts
  A black bear (D:6)
  An orc warrior (D:7)
  3 centaurs
  3 phantoms
  4 kobold brigands
  A necrophage (D:4)
  4 bullfrogs
  9 scorpions
  9 wights
  A howler monkey (D:8)
  2 hounds (D:6)
  2 human zombies (Ossuary)
  A centaur zombie (Ossuary)
  2 jellies
  An orc priest (D:8)
  4 iguanas
  7 orc wizards
  4 mummies
  5 adders
  A shadow imp (D:8)
  3 white imps
  2 ufetubi
  A worm (D:4)
  A dart slug (D:4)
  31 orcs
  4 bats
  7 endoplasms
  2 giant cockroaches
  9 goblins
  5 hobgoblins
  8 jackals
  22 kobolds
  11 quokkas
  4 ball pythons
  3 frilled lizards
  2 goblin zombies
  5 hobgoblin zombies
  2 kobold zombies (Ossuary)
  4 orc zombies (Ossuary)
  5 rats
211 creatures vanquished.

Vanquished Creatures (others)
  717 foxfires
717 creatures vanquished.

Grand Total: 928 creatures vanquished

Notes
Turn   | Place    | Note
-------+----------+-------------------------------------------
     0 | D:1      | funkygono the Deep Elf Fire Elementalist began the quest
                  | for the Orb.
     0 | D:1      | Reached XP level 1. HP: 10/10 MP: 6/6
   328 | D:1      | Reached XP level 2. HP: 15/15 MP: 6/8
   331 | D:1      | Learned a level 2 spell: Scorch
   558 | D:1      | Found a faded altar of an unknown god.
  1045 | D:2      | Reached XP level 3. HP: 19/19 MP: 7/10
  1049 | D:2      | Learned a level 3 spell: Conjure Flame
  1710 | D:2      | Reached skill level 4 in Spellcasting
  2242 | D:3      | Reached XP level 4. HP: 24/24 MP: 7/12
  2296 | D:3      | Learned a level 4 spell: Flame Wave
  2816 | D:4      | Noticed a scorpion
  2823 | D:4      | Killed a scorpion
  2824 | D:4      | Reached skill level 5 in Spellcasting
  2824 | D:4      | Reached XP level 5. HP: 28/28 MP: 6/14
  3027 | D:4      | Noticed a water moccasin
  3032 | D:4      | Killed a water moccasin
  3033 | D:4      | Reached skill level 5 in Fire Magic
  3232 | D:4      | Found a sacrificial altar of Ru.
  3275 | D:4      | Reached XP level 6. HP: 32/32 MP: 11/16
  3339 | D:4      | Reached skill level 6 in Spellcasting
  3404 | D:4      | Noticed a wyvern
  3412 | D:4      | Killed a wyvern
  3518 | D:4      | Reached skill level 7 in Spellcasting
  3518 | D:4      | Reached XP level 7. HP: 34/36 MP: 10/19
  3754 | D:4      | Noticed Sigmund
  3762 | D:4      | Killed Sigmund
  4336 | D:4      | Learned a level 2 spell: Blink
  4347 | D:5      | Entered Level 5 of the Dungeon
  4355 | D:5      | Reached skill level 8 in Spellcasting
  4839 | D:5      | Reached XP level 8. HP: 34/41 MP: 12/22
  5097 | D:5      | Found a staircase to the Ecumenical Temple.
  5113 | Temple   | Entered the Ecumenical Temple
  5191 | Temple   | Became a worshipper of Vehumet
  5272 | D:6      | Found a sand-covered staircase.
  5278 | Ossuary  | Entered an ossuary
  5352 | Ossuary  | Reached skill level 9 in Spellcasting
  5352 | Ossuary  | Reached skill level 5 in Conjurations
  5888 | Ossuary  | Reached skill level 10 in Spellcasting
  6195 | D:6      | Reached * piety under Vehumet
  6195 | D:6      | Offered knowledge of Sandblast by Vehumet.
  6200 | D:6      | Reached XP level 9. HP: 45/45 MP: 12/25
  6202 | D:6      | Learned a level 1 spell: Sandblast
  6504 | D:6      | Identified the +0 leather armour "Okoreufak" {Dex+5}
  6681 | D:6      | You fall into a shaft and drop 2 floors!
  6683 | D:8      | Found Niutuhu's Weapon Boutique.
  6687 | D:8      | Found Meommog's Magic Scroll Emporium.
  6856 | D:7      | Reached skill level 11 in Spellcasting
  7204 | D:6      | Noticed Edmund
  7221 | D:6      | Killed Edmund
  7962 | D:7      | Noticed Prince Ribbit
  7966 | D:7      | Killed Prince Ribbit
  7967 | D:7      | Reached skill level 10 in Fire Magic
  8030 | D:7      | Reached skill level 12 in Spellcasting
  8258 | D:7      | Reached ** piety under Vehumet
  8258 | D:7      | Offered knowledge of Poisonous Vapours by Vehumet.
  8701 | D:8      | Found Fahott's Armour Shop.
  8701 | D:8      | Identified the +1 plate armour of Honour {rC+ rCorr}
  8703 | D:8      | Noticed tognito's ghost (novice MiBe)
  8715 | D:8      | Bought a +0 pair of boots for 63 gold pieces
  8832 | D:8      | Reached XP level 10. HP: 48/50 MP: 22/28
  8895 | D:8      | Found a runed translucent gate.
  8895 | D:8      | Found a runed translucent gate.
  8901 | D:8      | Found a runed translucent gate.
  9364 | D:8      | Found Gaik's Armour Boutique.
  9925 | D:8      | Found an ancient bone altar of Kikubaaqudgha.
  9925 | D:8      | Found an iron altar of Okawaru.
  9968 | D:8      | HP: 2/50 [centaur/arrow (7)]
  9973 | D:8      | Shot with an arrow by a centaur

Illustrated notes

Levels and vault maps discovered:
D:1:      dpeg_arrival_lava_altar, layout_loops_ring,
          shapermc_ecumenical_altar_mp_ritualfount, minmay_misc_feat_cross,
          hex_medium
D:2:      layout_basic
D:3:      layout_rooms, chequers_serial_rivers_micro_b
D:4:      wander_river, layout_loops_corners,
          nicolae_ru_great_annihilating_truth, st_stairs_9, uniq_sigmund
D:5:      layout_basic, minmay_temple_entry_stoned_glass, dk_noncrumbling_3,
          minivault_24, grunt_decor_arrowhead
D:6:      lemuel_ice_spiral_2, layout_basic, nicolae_ossuary_entry_giza,
          minmay_misc_feat_more_columns, uniq_edmund
D:7:      layout_basic, uniq_prince_ribbit1
D:8:      minmay_the_grid_triangle_9x9_rhombus_thin
          [minmay_the_grid_triangle_9x9_wacky_v,
          minmay_the_grid_triangle_9x9_prize_top_heavy,
          minmay_the_grid_triangle_9x9_windchime,
          minmay_the_grid_triangle_9x9_stretched_checkered], layout_basic,
          gammafunk_temple_overflow_pools, lair_entry_dummy,
          biasface_ghost_orc_armoury, serial_shops, nicolae_shop_crystal,
          nicolae_square_shop, shop_scrolls, nicolae_shop_stone,
          nicolae_shop_hallway_plus
Temple:   compressed_dpeg_circular_temple

Skill      XL: |  1  2  3  4  5  6  7  8  9 10 |
---------------+-------------------------------+-----
Fire Magic     | 4 5 7 8 10 | 10.8
Spellcasting   | 4 5 7 8 10 12 | 12.7
Conjurations   | 2 3 4 5 6 7 |  7.1
Dodging        | 3 |  3.4
Fighting       | |  0.2
Stealth        | |  2.4
Shields        | |  0.2
Earth Magic    | |  0.8

Action                   |  1- 3 |  4- 6 |  7- 9 | 10-12 || total
-------------------------+-------+-------+-------+-------++-------
 Cast: Foxfire           |    65 |    53 |   270 |    40 ||   428
       Scorch            |    17 |    11 |    61 |    11 ||   100
       Conjure Flame     |       |       |     5 |     1 ||     6
       Flame Wave        |       |       |     4 |     4 ||     8
       Sandblast         |       |       |     1 |     4 ||     5
  Use: Scroll            |       |       |    21 |       ||    21
       Potion            |       |       |       |     2 ||     2
Armor: Robe              |     1 |     3 |     6 |     1 ||    11
Dodge: Dodged            |     6 |     6 |    31 |    13 ||    56
Block: Buckler           |       |       |     3 |     6 ||     9

Table legend: (Time is in decaauts)
 A = Elapsed time spent in this place.
 B = Non-inter-level travel time spent in this place.
 C = Inter-level travel time spent in this place.
 D = Time resting spent in this place.
 E = Time spent auto-exploring this place.
 F = Levels seen in this place.
 G = Mean time per level.
                   A        B        C        D        E       F      G
               +--------+--------+--------+--------+--------+-----+--------+
         Total |   9995 |   9802 |    193 |   1228 |   7056 |  10 |  999.5 |
       Dungeon |   9094 |   8911 |    183 |    966 |   6677 |   8 | 1136.8 |
        Temple |     94 |     85 |      9 |      0 |     66 |   1 |   94.0 |
       Ossuary |    805 |    805 |      0 |    262 |    313 |   1 |  805.0 |
               +--------+--------+--------+--------+--------+-----+--------+

Top non-repeatable levels by time:
     D:4: 1590 daAuts
     D:6: 1356 daAuts
     D:8: 1336 daAuts
     D:7: 1217 daAuts
     D:2: 1198 daAuts
     D:1: 1036 daAuts
     D:5: 820 daAuts
 Ossuary: 805 daAuts
     D:3: 539 daAuts
  Temple: 94 daAuts
